 Dungeon Crawl Stone Soup version 0.30-a0-772-g5528072125 (webtiles) character file.

Game seed: 6918771891701674452

523 funkygono the Firebug (level 7, 0/37 HPs)
             Began as a Gargoyle Fire Elementalist on Feb 12, 2023.
             Was an Initiate of Vehumet.
             Slain by a gnoll sergeant
             ... wielding a +0 trident
              (13 damage)
             ... on level 4 of the Dungeon.
             The game lasted 00:09:19 (5734 turns).

funkygono the Firebug (Gargoyle Fire Elementalist)  Turns: 5734, Time: 00:09:19

Health: 0/37       AC:  8    Str: 12    XL:     7   Next: 22%
Magic:  3/13       EV: 12    Int: 17    God:    Vehumet [......]
Gold:   246        SH:  0    Dex: 10    Spells: 5/15 levels left

rFire   + . .      SeeInvis .    k - +0 whip
rCold   + . .      Faith    .    (no shield)
rNeg    + . .      Spirit   .    a - +0 robe
rPois   ∞          Reflect  .    m - +1 helmet
rElec   +          Harm     .    g - scarf {rC+ rF+}
rCorr   .          Rampage  .    (no gloves)
Will    .....                    (no boots)
Stlth   ++                       d - amulet of regeneration
HPRegen 1.06/turn                (no ring)
MPRegen 0.13/turn                (no ring)

@: about to teleport
A: sickness immunity, AC +4, negative energy resistance 1, electricity
resistance, torment resistance 1, petrification resistance
a: Renounce Religion


You were on level 4 of the Dungeon.
You worshipped Vehumet.
Vehumet was noncommittal.
You visited 2 branches of the dungeon, and saw 6 of its levels.
You also visited: Sewer.

You collected 246 gold pieces.

Inventory:

Hand Weapons
 k - a +0 whip (weapon)
Armour
 a - a +0 robe (worn)
 g - a scarf of resistance (worn)
 m - a +1 helmet (worn)
Jewellery
 d - an amulet of regeneration (around neck)
Wands
 j - a wand of flame (22)
 t - a wand of iceblast (13)
 v - a wand of charming (11)
Scrolls
 f - 4 scrolls of teleportation
 i - a scroll of fear
 n - 2 scrolls of magic mapping
 y - a scroll of enchant armour
Potions
 b - a potion of magic
 e - 3 potions of curing
 l - a potion of brilliance {unknown}
 o - 2 potions of mutation
 p - 2 potions of cancellation {unknown}
 q - a potion of might {unknown}
 r - a potion of haste {unknown}
 s - a potion of attraction {unknown}
 u - a potion of lignification {unknown}
 x - a potion of flight {unknown}
 z - a potion of degeneration {unknown}


   Skills:
 + Level 0.5 Fighting
 + Level 1.8 Dodging
 - Level 2.1 Stealth
 + Level 4.6 Spellcasting
 + Level 4.0 Conjurations
 + Level 5.1 Fire Magic


You had 5 spell levels left.
You knew the following spells:

 Your Spells              Type           Power      Damage    Failure   Level
a - Foxfire               Conj/Fire      76%        2x1d7     2%          1
b - Scorch                Fire           42%        2d7       2%          2
c - Kindle Blastsparks    Fire/Tloc/Air  18%        2d11      22%         3
d - Flame Wave            Conj/Fire      19%        2d7       22%         4

Your spell library contained the following spells:

 Spells                   Type           Power      Damage    Failure   Level
 Shock                    Conj/Air       40%        1d5       7%          1
 Inner Flame              Hex/Fire       12%        N/A       16%         3
 Ignite Poison            Fire/Tmut/Pois 9%         N/A       22%         3
 Swiftness                Air            3%         N/A       41%         3
 Airstrike                Air            1%         2d(1-17)  83%         4
 Freezing Cloud           Conj/Ice/Air   4%         6-21      94%         5
 Borgnjor's Revivificati  Necr           1%         N/A       100%        8
 Necromutation            Tmut/Necr      1%         N/A       100%        8
 Death's Door             Necr           1%         N/A       100%        9


Dungeon Overview and Level Annotations

Branches:
Dungeon (5/15)             Temple (1/1) D:4           Sewer (visited)

Altars:
Ashenzari
Cheibriados
Dithmenos
Elyvilon
Fedhas
Gozag
Hepliaklqana
Kikubaaqudgha
Nemelex Xobeh
Okawaru
Qazlal
Ru
Sif Muna
Trog
Uskayaw
Vehumet
Wu Jian
Xom
Yredelemnul
Zin
The Shining One


Innate Abilities, Weirdness & Mutations

You are immune to sickness and miasma.
Your stone body is resilient. (AC +4)
You are immune to poison.
You resist negative energy. (rN+)
You are resistant to electric shocks. (rElec)
You are resistant to unholy torment.
You are immune to petrification.


Message History

Confirm with . or Enter, or press ? or * to list all spells.
Flames lash the gnoll.
The gnoll is almost dead.
The gnoll's fire resistance burns away.
The gnoll hits you with a +0 club. The gnoll hits you with a +0 whip.
The gnoll hits you but does no damage. The gnoll sergeant misses you.
Unknown command.
Casting: Scorch (safe; 2% risk of failure)
Confirm with . or Enter, or press ? or * to list all spells.
Okay, then.
Casting: Scorch (safe; 2% risk of failure)
Confirm with . or Enter, or press ? or * to list all spells.
Flames lash the gnoll.
The gnoll is severely wounded.
The gnoll's fire resistance burns away.
The gnoll hits you with a +0 club. The gnoll misses you.
The gnoll hits you but does no damage.
The gnoll sergeant hits you from afar with a +0 trident.
Unknown command.
As you read the scroll of teleportation, it crumbles to dust.
You feel strangely unstable. The gnoll completely misses you.
The gnoll hits you with a +0 whip. The gnoll hits you with a +0 spear.
The gnoll sergeant barely misses you.
Unknown command.
Casting: Scorch (safe; 2% risk of failure)
Confirm with . or Enter, or press ? or * to list all spells.
Flames lash the gnoll.
The gnoll is burned terribly!
You kill the gnoll!
Vehumet accepts your kill. The gnoll hits you with a +0 club.
The gnoll hits you with a +0 whip. The gnoll sergeant barely misses you.
Unknown command.
Casting: Scorch (safe; 2% risk of failure)
Confirm with . or Enter, or press ? or * to list all spells.
Flames lash the gnoll.
You kill the gnoll!
Vehumet accepts your kill.
The gnoll sergeant is no longer more vulnerable to fire.
The gnoll barely misses you.
The gnoll sergeant hits you from afar with a +0 trident!
You die...

.# #..# #.#####
.# #..### #.#
.# #....# #.#
.# #.##.# #.#
.# #.##.# ##.##
.# #.##.# #...#
.# #.##g# #...#
##
##########.##)#
#...#
#..........##@#
##.## #
#...........g)#
###.# #
#.#############
#...# #
#.##.......#
#.### #
#.##.#####.#
#.# ####.##.#
#.# #.#
.....##.# #.#
#.# .....##.#
#.# #.#
........# #.#
#.#


You could see a gnoll sergeant and a gnoll (combustible).

Vanquished Creatures
  An ogre (D:4)
  5 jellies (Sewer)
  Jessica (D:3)
  An iguana (D:4)
  5 gnolls (D:4)
  9 adders
  A river rat (Sewer)
  2 worms (D:2)
  An orc (D:4)
  11 ball pythons
  16 endoplasms
  11 giant cockroaches
  8 goblins
  5 hobgoblins
  5 quokkas
  4 bats
  7 frilled lizards
  5 kobolds
  10 rats
108 creatures vanquished.

Vanquished Creatures (others)
  305 foxfires
305 creatures vanquished.

Grand Total: 413 creatures vanquished

Notes
Turn   | Place    | Note
-------+----------+-------------------------------------------
     0 | D:1      | funkygono the Gargoyle Fire Elementalist began the quest
                  | for the Orb.
     0 | D:1      | Reached XP level 1. HP: 10/10 MP: 3/3
   439 | D:1      | Reached XP level 2. HP: 15/15 MP: 1/5
   442 | D:1      | Learned a level 2 spell: Scorch
  1394 | D:2      | Reached XP level 3. HP: 19/19 MP: 2/7
  1398 | D:2      | Learned a level 3 spell: Kindle Blastsparks
  2080 | D:2      | Found an ancient bone altar of Kikubaaqudgha.
  2180 | D:2      | Reached XP level 4. HP: 24/24 MP: 3/8
  2672 | D:3      | Noticed Jessica
  2676 | D:3      | Killed Jessica
  2782 | D:3      | Found a glowing drain.
  2881 | Sewer    | Entered a sewer
  2971 | Sewer    | Reached XP level 5. HP: 19/28 MP: 4/10
  3245 | Sewer    | Reached skill level 4 in Fire Magic
  3444 | Sewer    | Reached XP level 6. HP: 32/32 MP: 8/11
  3482 | Sewer    | Learned a level 4 spell: Flame Wave
  3532 | Sewer    | Found a viscous altar of Jiyva.
  4788 | D:4      | Found a staircase to the Ecumenical Temple.
  4801 | Temple   | Entered the Ecumenical Temple
  4891 | Temple   | Became a worshipper of Vehumet
  5163 | D:4      | Reached skill level 5 in Fire Magic
  5163 | D:4      | Reached XP level 7. HP: 37/37 MP: 6/13
  5725 | D:5      | Entered Level 5 of the Dungeon
  5734 | D:4      | Slain by a gnoll sergeant

Illustrated notes

Levels and vault maps discovered:
D:1:      nagdon_arrival_double_spiral, layout_basic, minmay_heptomino_h4
D:2:      layout_basic, basic_altar, kennysheep_path_1
D:3:      layout_basic, portal_sewer_entry_f, uniq_jessica
D:4:      layout_loops_ring, minmay_temple_entry_glass
D:5:      layout_basic
Temple:   mainiacjoe_temple_hex_bubbles

Skill      XL: |  1  2  3  4  5  6 |
---------------+-------------------+-----
Spellcasting   | 3 4 |  4.6
Conjurations   | 2 3 4 |  4.0
Fire Magic     | 4 5 |  5.1
Fighting       | |  0.5
Dodging        | |  1.8
Stealth        | |  2.1

Action                     |  1- 3 |  4- 6 |  7- 9 || total
---------------------------+-------+-------+-------++-------
  Melee: Club              |     8 |       |       ||     8
         Whip              |       |     3 |     1 ||     4
   Cast: Foxfire           |    64 |   106 |     5 ||   175
         Scorch            |     2 |    12 |     6 ||    20
    Use: Scroll            |       |     8 |     4 ||    12
 Armour: Robe              |     5 |     8 |     3 ||    16
  Dodge: Dodged            |    15 |    18 |    15 ||    48

Table legend: (Time is in decaauts)
 A = Elapsed time spent in this place.
 B = Non-inter-level travel time spent in this place.
 C = Inter-level travel time spent in this place.
 D = Time resting spent in this place.
 E = Time spent auto-exploring this place.
 F = Levels seen in this place.
 G = Mean time per level.
                   A        B        C        D        E       F      G
               +--------+--------+--------+--------+--------+-----+--------+
         Total |   5774 |   5667 |    107 |    318 |   4596 |   7 |  824.9 |
       Dungeon |   4747 |   4656 |     91 |    268 |   3864 |   5 |  949.4 |
        Temple |    268 |    253 |     15 |      0 |    245 |   1 |  268.0 |
         Sewer |    758 |    758 |      0 |     50 |    486 |   1 |  758.0 |
               +--------+--------+--------+--------+--------+-----+--------+

Top non-repeatable levels by time:
     D:2: 1372 daAuts
     D:1: 1300 daAuts
     D:3: 1173 daAuts
     D:4: 898 daAuts
   Sewer: 758 daAuts
  Temple: 268 daAuts
     D:5: 1 daAuts
